 Dungeon Crawl Stone Soup version 0.25.0-46-gbd7b0854d2 (webtiles) character file.

Game seed: 11546069945325278743

31400 protoss039 the Eclecticist (level 13, -4/126 HPs)
             Began as a Deep Elf Earth Elementalist on July 15, 2020.
             Was a High Priest of Vehumet.
             Slain by a cyan ugly thing (13 damage)
             ... on level 14 of the Dungeon.
             The game lasted 01:52:45 (17889 turns).

protoss039 the Eclecticist (DEEE)                  Turns: 17889, Time: 01:52:47

Health: -4/126     AC: 26    Str: 10    XL:     13   Next: 25%
Magic:  8/43       EV:  2    Int: 26    God:    Vehumet [*****.]
Gold:   429        SH:  5    Dex: 15    Spells: 27/42 levels left

rFire    + . .     SeeInvis .   G - +7 dire flail of the Lost Geomancers {elec, rF+ Str+5}
rCold    . . .     Gourm    .   (shield currently unavailable)
rNeg     + + +     Faith    .   (armour currently unavailable)
rPois    +         Spirit   .   (helmet currently unavailable)
rElec    .         Reflect  +   (cloak currently unavailable)
rCorr    .         Harm     .   (gloves currently unavailable)
MR       ++...     NoTele   +   (boots currently unavailable)
Stlth    ++........             F - amulet of reflection
HPRegen  0.31/turn              i - ring of protection from magic
MPRegen  0.28/turn              s - ring of magical power

@: mighty, tree-form, stab
A: no striking features
a: Renounce Religion


You were on level 14 of the Dungeon.
You worshipped Vehumet.
Vehumet was extremely pleased with you.
You were not hungry.
You were a tree.
You visited 1 branch of the dungeon, and saw 15 of its levels.

You collected 951 gold pieces.
You spent 522 gold pieces at shops.

Inventory:

Hand Weapons
 G - the +7 dire flail of the Lost Geomancers (weapon) {elec, rF+ Str+5}
   (You took it off an ogre on level 3 of the Dungeon)

   Occasionally, upon striking a foe, it will discharge some electrical energy
   and cause terrible harm.
   It affects your strength (+5).
   It protects you from fire.
 N - a +2 dagger of venom
 P - a +1 scimitar of flaming
Missiles
 b - 221 stones (quivered)
Armour
 f - +0 acid dragon scales (melded)
 n - a +0 buckler
 v - a +0 pair of boots (melded)
 A - a +0 pair of gloves (melded)
 J - a +0 helmet (melded)
 K - a +1 cloak (melded)
Magical Staves
 O - an uncursed staff of death {unknown}
Jewellery
 c - an uncursed amulet of faith {unknown}
 i - a ring of protection from magic (left branch)
 s - a ring of magical power (right branch)
 F - an amulet of reflection (around neck)
 H - a +4 ring of protection {unknown}
 Q - an uncursed ring of protection from magic
Wands
 h - a wand of iceblast (31)
 m - a wand of clouds (3)
 y - a wand of acid (22)
 M - a wand of disintegration (14)
Scrolls
 g - 3 scrolls of enchant weapon
 k - a scroll of fear
 p - 3 scrolls of remove curse
 q - 2 scrolls of fog
 r - 5 scrolls of teleportation
 t - 3 scrolls of amnesia
 w - 4 scrolls of blinking
 C - a scroll of magic mapping
 E - 3 scrolls of enchant armour
 I - 2 scrolls of immolation
Potions
 a - a potion of heal wounds
 e - 2 potions of lignification
 j - 2 potions of stabbing
 l - 2 potions of might
 o - 3 potions of flight {unknown}
 u - a potion of haste {unknown}
 x - 2 potions of degeneration {unknown}
 z - a potion of mutation {unknown}
 B - 3 potions of brilliance {unknown}
 D - 2 potions of curing {unknown}
Comestibles
 d - 24 rations


   Skills:
 * Level 11.0 Fighting
 - Level 5.0 Armour
 - Level 3.0 Dodging
 - Level 3.0 Stealth
 - Level 4.0 Shields
 + Level 15.2 Spellcasting
 - Level 8.0 Conjurations
 + Level 4.0 Transmutations
 + Level 10.1 Earth Magic


You had 27 spell levels left.
You knew the following spells:

 Your Spells              Type           Power        Failure   Level  Hunger
a - Sandblast             Erth           ######       1%          1    None
b - Passwall              Tmut/Erth      ######..     1%          2    None
c - Stone Arrow           Conj/Erth      ######       1%          3    None
d - Petrify               Tmut/Erth      ######..     1%          4    None
e - Lee's Rapid Deconstr  Erth           ######....   1%          5    #......

Your spell library contained the following spells:

 Spells                   Type           Power        Failure   Level  Hunger
 Hailstorm                Conj/Ice       #####...     1%          4    None
 Yara's Violent Unravell  Hex/Tmut       ####......   9%          5    #......
 Cause Fear               Hex            ###.......   26%         4    None
 Silence                  Hex/Air        ###.......   58%         5    #......
 Discord                  Hex            ###.......   100%        8    #######


Dungeon Overview and Level Annotations

Branches:
Dungeon (15/15)            Temple (0/1) D:7            Lair (0/6) D:11
    Orc (0/2) D:12         Vaults (0/5) D:14         Depths (0/5) D:15

Altars:
Cheibriados
Dithmenos
Elyvilon
Fedhas
Kikubaaqudgha
Makhleb
Nemelex Xobeh
Ru
Sif Muna
Trog
Vehumet
Wu Jian
Yredelemnul
Beogh

Shops:
D:7 =   D:9 (   D:11 [

Portals:
Trove: D:11 (give 8 scrolls of fear)

Annotations:
D:13 Nessos
D:14 Urug


Message History

Unknown command.
Casting: Lee's Rapid Deconstruction (mildly dangerous; 1% risk of failure)
Confirm with . or Enter, or press ? or * to list all spells.
Aiming: Lee's Rapid Deconstruction (mildly dangerous; 1% risk of failure)
Press: ? - help, Dir - move target cursor A rock wall.
The wall shatters!
The blast of rock fragments hits the human!!
The human is severely wounded.
The blast of rock fragments hits the slime creature!!
The slime creature is heavily wounded.
The blast of rock fragments hits the slime creature!!
The slime creature is moderately wounded.
The blast of rock fragments hits the cyan ugly thing!!!
The cyan ugly thing is almost dead.
You hear a shout!
The cyan ugly thing stings you.
* * * LOW HITPOINT WARNING * * *
The cyan ugly thing shocks you!
You die...

......$........#
...............#
##
.........u.....#..
........#. ######
........' #....#
....S.JJ#####....#
#p#...#....#
#u#...'....#
#♣###.#....#
#.#........#
#.#.....#'##
#.#######<#
#†........#
###########


You could see a cyan ugly thing, 2 slime creatures and a human.

Vanquished Creatures
  Azrael (D:13)
  A spark wasp (shapeshifter) (D:14)
  Erolcha (D:13)
  2 centaur warriors
  A catoblepas (D:13)
  2 two-headed ogres
  Sonja (D:13)
  4 skeletal warriors (D:12)
  An unseen horror (D:15)
  2 cyclopes (D:11)
  4 ugly things
  A deep elf mage (D:15)
  A necromancer (D:11)
  2 manticores
  3 centaur zombies
  2 gargoyles
  2 rime drakes (D:12)
  A yaktaur (D:15)
  A rime drake (shapeshifter) (D:14)
  2 komodo dragons (D:11)
  6 trolls
  3 slime creatures
  3 hippogriffs
  A tarantella (shapeshifter) (D:13)
  A wyvern (D:9)
  2 shadows
  3 fire elementals (D:13)
  A wraith (D:11)
  11 yaks
  2 humans
  3 hogs (D:8)
  2 hungry ghosts (D:12)
  2 steam dragons
  The ghost of wojtek the Chopper, an amateur GrFi (D:3)
  A water moccasin (D:5)
  2 acid dragons (D:12)
  3 hell hounds (D:13)
  5 phantoms
  A black bear (D:6)
  A meliai simulacrum (D:14)
  2 ice beasts
  3 sky beasts
  7 orc warriors
  5 boggarts (D:15)
  An eye of draining (D:11)
  7 ogres
  9 centaurs
  A gnoll sergeant (D:11)
  7 bullfrogs
  A water moccasin skeleton (D:7)
  11 scorpions
  5 wights (D:15)
  10 killer bees
  6 howler monkeys
  10 crimson imps
  A bullfrog skeleton (D:6)
  5 bullfrog zombies
  6 jellies
  8 hounds
  2 quasits (D:10)
  3 centaur skeletons
  8 orc priests
  16 orc wizards
  3 iguanas
  11 worker ants
  3 polar bear simulacra (D:11)
  A yak simulacrum (D:11)
  4 wolf simulacra (D:11)
  4 hound skeletons
  3 worker ant zombies
  3 gnolls (D:11)
  10 adders
  4 shadow imps
  An adder skeleton (D:4)
  3 worms
  4 dart slugs
  3 leopard geckos
  48 orcs
  A ball python (D:2)
  3 giant cockroaches
  7 goblins
  6 hobgoblins
  11 jackals
  2 quokkas
  4 bats
  4 kobolds
  A leopard gecko skeleton (D:4)
  2 quokka skeletons (D:7)
  5 rats
  3 river rat simulacra (D:11)
377 creatures vanquished.

Vanquished Creatures (others)
  6 plants (D:11)
6 creatures vanquished.

Grand Total: 383 creatures vanquished

Notes
Turn   | Place    | Note
-------+----------+-------------------------------------------
     0 | D:1      | protoss039 the Deep Elf Earth Elementalist began the quest
                  | for the Orb.
     0 | D:1      | Reached XP level 1. HP: 10/10 MP: 6/6
   158 | D:1      | Reached XP level 2. HP: 15/15 MP: 2/8
   525 | D:1      | Reached XP level 3. HP: 14/19 MP: 8/10
  1520 | D:2      | Reached skill level 4 in Spellcasting
  2163 | D:3      | Reached XP level 4. HP: 24/24 MP: 6/12
  2439 | D:3      | Reached skill level 5 in Spellcasting
  2454 | D:3      | Found a snail-covered altar of Cheibriados.
  2465 | D:3      | Found a transporter.
  2467 | D:3      | Found a transporter.
  2483 | D:3      | You fall into a shaft and drop 3 floors!
  2565 | D:6      | Found a shadowy altar of Dithmenos.
  2567 | D:6      | Noticed a centaur
  2572 | D:6      | Learned a level 2 spell: Passwall
  2572 | D:6      | Reached XP level 5. HP: 28/28 MP: 12/14
  2626 | D:6      | Learned a level 3 spell: Stone Arrow
  2652 | D:6      | Reached skill level 5 in Earth Magic
  2844 | D:6      | Noticed an ogre
  2848 | D:6      | Killed an ogre
  2848 | D:6      | Reached skill level 1 in Shields
  2848 | D:6      | Reached XP level 6. HP: 26/32 MP: 8/16
  2967 | D:6      | Reached skill level 6 in Spellcasting
  3694 | D:6      | Reached skill level 1 in Conjurations
  3694 | D:6      | Reached XP level 7. HP: 36/36 MP: 12/19
  3729 | D:6      | Found a sacrificial altar of Ru.
  3800 | D:6      | Reached skill level 7 in Spellcasting
  4394 | D:5      | Entered Level 5 of the Dungeon
  4585 | D:5      | Reached skill level 8 in Spellcasting
  4585 | D:5      | Reached XP level 8. HP: 41/41 MP: 5/22
  4740 | D:5      | Found a bloodstained altar of Trog.
  4867 | D:5      | Found a radiant altar of Vehumet.
  5188 | D:5      | Became a worshipper of Vehumet
  5665 | D:4      | Learned a level 4 spell: Petrify
  5671 | D:4      | Learned a level 5 spell: Lee's Rapid Deconstruction
  5783 | D:4      | Reached skill level 9 in Spellcasting
  6572 | D:4      | Reached XP level 9. HP: 45/45 MP: 19/24
  6639 | D:3      | Noticed wojtek's ghost (amateur GrFi)
  6639 | D:3      | Identified the +7 dire flail of the Lost Geomancers {elec,
                  | rF+ Str+5}
  7082 | D:3      | Found a sparkling altar of Nemelex Xobeh.
  7082 | D:3      | Found a shimmering blue altar of Sif Muna.
  7082 | D:3      | Found a white marble altar of Elyvilon.
  7082 | D:3      | Found a snail-covered altar of Cheibriados.
  7084 | D:3      | Found a basalt altar of Yredelemnul.
  7087 | D:3      | Found an ancient bone altar of Kikubaaqudgha.
  7149 | D:3      | Reached * piety under Vehumet
  7149 | D:3      | Offered knowledge of Shock by Vehumet.
  7244 | D:3      | Killed wojtek's ghost
  7482 | D:7      | Found a staircase to the Ecumenical Temple.
  7501 | D:7      | Reached skill level 10 in Spellcasting
  7746 | D:7      | Reached skill level 1 in Fighting
  7746 | D:7      | Reached skill level 1 in Armour
  8020 | D:7      | Found Parap's Jewellery Shoppe.
  8034 | D:7      | Bought an uncursed ring of magical power for 260 gold
                  | pieces
  8168 | D:7      | Found a burning altar of Makhleb.
  8753 | D:8      | Reached ** piety under Vehumet
  8753 | D:8      | Offered knowledge of Foxfire by Vehumet.
  8753 | D:8      | Reached skill level 5 in Conjurations
  8756 | D:8      | Reached skill level 11 in Spellcasting
  8757 | D:8      | Reached XP level 10. HP: 51/54 MP: 16/27
  9315 | D:8      | Offered knowledge of Dazzling Flash by Vehumet.
  9891 | D:9      | Found Uceth's Antique Weapon Shop.
 10257 | D:9      | Found a blossoming altar of Fedhas.
 10437 | D:9      | Reached *** piety under Vehumet
 10872 | D:10     | Entered Level 10 of the Dungeon
 10910 | D:10     | Reached skill level 12 in Spellcasting
 10910 | D:10     | Reached skill level 10 in Earth Magic
 10978 | D:10     | Noticed a gargoyle
 10980 | D:10     | Killed a gargoyle
 11258 | D:10     | Offered knowledge of Conjure Flame by Vehumet.
 12076 | D:11     | Noticed a manticore
 12088 | D:11     | Killed a manticore
 12088 | D:11     | Reached **** piety under Vehumet
 12088 | D:11     | Reached XP level 11. HP: 53/60 MP: 1/29
 12234 | D:11     | Offered knowledge of Lightning Bolt by Vehumet.
 12234 | D:11     | Reached skill level 13 in Spellcasting
 12301 | D:11     | Noticed a purple ugly thing
 12304 | D:11     | Killed a purple ugly thing
 12311 | D:11     | Noticed a two-headed ogre
 12315 | D:11     | Killed a two-headed ogre
 12520 | D:11     | Noticed a green ugly thing
 12530 | D:11     | Killed a green ugly thing
 12623 | D:11     | Reached skill level 14 in Spellcasting
 12910 | D:11     | Reached skill level 5 in Fighting
 12910 | D:11     | Reached skill level 15 in Spellcasting
 12930 | D:11     | Reached ***** piety under Vehumet
 12930 | D:11     | Offered knowledge of Conjure Ball Lightning by Vehumet.
 13044 | D:11     | Noticed a necromancer
 13054 | D:11     | Killed a necromancer
 13366 | D:11     | Found a portal to a secret trove of treasure.
 13470 | D:11     | Found a staircase to the Lair.
 13538 | D:11     | Found Taohudd's Antique Armour Emporium.
 13546 | D:11     | Bought an embroidered cloak for 262 gold pieces
 14147 | D:12     | Reached XP level 12. HP: 71/71 MP: 25/33
 14764 | D:12     | Found a staircase to the Orcish Mines.
 14878 | D:12     | Found a roughly hewn altar of Beogh.
 15340 | D:13     | Noticed a catoblepas
 15373 | D:13     | Reached skill level 5 in Armour
 15375 | D:13     | Noticed Erolcha
 15393 | D:13     | Killed a catoblepas
 15637 | D:13     | Noticed Nessos
 15767 | D:13     | Killed Erolcha
 15990 | D:13     | Noticed Azrael
 15999 | D:13     | Killed Azrael
 16213 | D:13     | Noticed a two-headed ogre
 16217 | D:13     | Killed a two-headed ogre
 16303 | D:13     | Noticed Sonja
 16310 | D:13     | Killed Sonja
 16412 | D:13     | Found an ornate altar of the Wu Jian Council.
 16535 | D:13     | Noticed a centaur warrior
 16539 | D:13     | Killed a centaur warrior
 16539 | D:13     | Reached skill level 10 in Fighting
 16888 | D:14     | Found a gate to the Vaults.
 16888 | D:14     | Noticed Urug
 16888 | D:14     | Noticed a centaur warrior
 16888 | D:14     | Noticed a two-headed ogre
 16899 | D:15     | Entered Level 15 of the Dungeon
 17071 | D:15     | Noticed a centaur warrior
 17076 | D:15     | Killed a centaur warrior
 17076 | D:15     | Reached XP level 13. HP: 33/83 MP: 22/34
 17313 | D:15     | Offered knowledge of Hailstorm by Vehumet.
 17871 | D:14     | Noticed a spark wasp
 17871 | D:14     | an anaconda changed into a spark wasp
 17879 | D:14     | Killed a spark wasp
 17889 | D:14     | Slain by a cyan ugly thing

Illustrated notes

Levels and vault maps discovered:
D:1:      wheals_arrival_linesprint, layout_rooms, chequers_garden
D:2:      layout_loops_corners
D:3:      layout_loops_corners, minitemple, gammafunk_ghost_smash,
          kennysheep_slug_shrine
D:4:      layout_loops_corners, minmay_unequal
D:5:      layout_rooms, lemuel_round_altar, first_ration, st_stairs_11,
          trog_book
D:6:      layout_layer_cave, nicolae_dithmenos_shadow_blocks,
          nicolae_ru_awakened_eye
D:7:      layout_cave_pools, makhleb_heckhound_becter,
          minmay_temple_entry_slanted, serial_shops, shop_fountains
D:8:      layout_loops_ring, grunt_livestock
D:9:      layout_loops_corners, fedhas_altar_2, serial_shops, shop_fountains
D:10:     layout_irregular_city
D:11:     layout_stronghold, david_lair_shrubbed, enter_trove_0, serial_shops,
          shop, hangedman_abyss_or_decor_lesser_grid, eino_house_with_fridge
D:12:     layout_irregular_city, minmay_orc_entry_temple_small,
          portal_ice_cave_rime
D:13:     layout_gridville, basic_altar, uniq_sonja, uniq_nessos, uniq_azrael,
          uniq_erolcha
D:14:     layout_basic, david_vaults_3
D:15:     hangedman_depths_entry_civil_slaughter, layout_basic,
          chequers_serial_rivers_room_a, kb_tengu_band

Skill      XL: |  1  2  3  4  5  6  7  8  9 10 11 12 13 |
---------------+----------------------------------------+-----
Dodging        | 3 |  3.0
Stealth        | 3 |  3.0
Earth Magic    | 4 5 6 7 8 9 10 | 10.1
Spellcasting   | 4 5 6 8 9 11 12 15 | 15.2
Shields        | 1 2 3 4 |  4.0
Conjurations   | 1 2 4 5 7 8 |  8.0
Fighting       | 2 3 6 10 11 | 11.0
Armour         | 2 3 4 5 |  5.0
Transmutations | 3 4 |  4.0

Action                   |  1- 3 |  4- 6 |  7- 9 | 10-12 | 13-15 || total
-------------------------+-------+-------+-------+-------+-------++-------
Melee: Unarmed           |     3 |       |       |       |       ||     3
       Dagger            |    32 |     2 |     5 |       |       ||    39
       Dire flail        |       |       |     3 |     7 |     5 ||    15
 Cast: Sandblast         |    38 |    32 |    32 |    96 |     4 ||   202
       Stone Arrow       |       |    15 |   108 |   143 |    15 ||   281
       Lee's Rapid Decon |       |       |    10 |   154 |    25 ||   189
       Passwall          |       |       |     1 |       |     1 ||     2
       Petrify           |       |       |       |    21 |     2 ||    23
  Use: Scroll            |       |       |    11 |     5 |     2 ||    18
       Potion            |       |       |       |     1 |     6 ||     7
 Stab: Sleeping          |     5 |       |       |       |       ||     5
  Eat: Chunk             |     3 |     6 |    12 |    26 |     1 ||    48
       Ration            |       |       |     1 |     2 |     1 ||     4
Armor: Robe              |    16 |     1 |     6 |     1 |       ||    24
       Troll leather arm |       |       |       |    23 |     1 ||    24
       Acid dragon scale |       |       |       |       |    18 ||    18
       Skin              |       |       |       |       |     5 ||     5
Dodge: Dodged            |    45 |    13 |    16 |    50 |    14 ||   138
Block: Other             |       |       |       |    12 |     5 ||    17
       Reflection        |       |       |       |     2 |       ||     2
